 Dungeon Crawl Stone Soup version 0.30-a0-782-ge64f9170bb (webtiles) character file.

Game seed: 15758200291621007081

70917 Leeroy the Fencer (level 15, -7/77 HPs)
             Began as a Vine Stalker Warper on Mar 10, 2023.
             Was a Follower of Uskayaw.
             Shot with a bolt by Vashnia (16 damage)
             ... on level 2 of the Snake Pit.
             The game lasted 00:49:00 (20535 turns).

Leeroy the Fencer (Vine Stalker Warper)            Turns: 20535, Time: 00:49:00

Health: -7/77      AC: 16    Str: 11    XL:     15   Next: 34%
Magic:  0/39       EV: 13    Int: 28    God:    Uskayaw [*.....]
Gold:   1372       SH:  0    Dex: 21    Spells: 18/35 levels left

rFire   + . .      SeeInvis +    A - +4 great sword (distort)
rCold   . . .      Faith    +    (shield currently unavailable)
rNeg    + + .      Spirit   +    U - +1 ring mail {rF+}
rPois   .          Reflect  .    I - +2 helmet of Tibath {Fly rElec rN++ Int+3}
rElec   +          Harm     .    Q - +0 cloak
rCorr   .          Rampage  .    Z - +0 pair of gloves {hurl}
Will    +....                    w - +2 pair of boots
Stlth   +                        s - amulet "Caoguarphix" {Faith Regen+ MP+9 Str-3 SInv}
HPRegen 1.92/turn                E - +6 ring of intelligence
MPRegen 0.26/turn                N - +6 ring of intelligence

@: flying
A: fangs 3, regeneration 1, magic shield, antimagic bite, no potion heal 2
a: Renounce Religion, Stomp


You were on level 2 of the Snake Pit.
You worshipped Uskayaw.
Uskayaw was noncommittal.
You visited 4 branches of the dungeon, and saw 17 of its levels.
You also visited: Volcano.

You collected 2120 gold pieces.
You spent 748 gold pieces at shops.

Inventory:

Hand Weapons
 c - a +4 dagger of venom
 g - a +0 long sword of holy wrath
 A - a +4 great sword of distortion (weapon)
 R - a +1 long sword of electrocution
 V - a +4 short sword of speed
Missiles
 d - 5 boomerangs of dispersal
 F - 22 poisoned darts
 K - 9 curare-tipped darts
Armour
 w - a +2 pair of boots (worn)
 I - the +2 helmet of Tibath (worn) {Fly rElec rN++ Int+3}
   (You found it on level 1 of the Lair of Beasts)

   Int:       It affects your intelligence (+3).
   rElec:     It insulates you from electricity.
   rN:        It greatly protects you from negative energy.
   Fly:       It grants you flight.
 P - the +5 plate armour of Least Resistance {+Inv}
   (You found it on level 6 of the Dungeon)

   +Inv:      It lets you turn invisible.
 Q - a +0 cloak (worn)
 U - a +1 ring mail of fire resistance (worn)
 Z - a +0 pair of gloves of hurling (worn)
Jewellery
 i - a +5 ring of evasion
 s - the amulet "Caoguarphix" (around neck) {Faith Regen+ MP+9 Str-3 SInv}
   (You found it on level 2 of the Dungeon)

   [amulet of faith]

   It allows you to gain divine favour quickly.
   Str:       It affects your strength (-3).
   MP:        It affects your magic capacity (+9).
   SInv:      It lets you see invisible.
   Regen:     It increases your rate of health regeneration.
 E - a +6 ring of intelligence (left hand)
 M - a ring of ice
 N - a +6 ring of intelligence (right hand)
 T - a ring of ice
Wands
 a - a wand of flame (16)
 h - a wand of roots (8)
 j - a wand of charming (22)
 v - a wand of digging (5)
 H - a wand of acid (7) (quivered)
Scrolls
 b - 2 scrolls of brand weapon
 f - 8 scrolls of immolation
 l - 3 scrolls of magic mapping
 m - 11 scrolls of teleportation
 o - a scroll of blinking
 r - 4 scrolls of fear
 x - 3 scrolls of enchant armour
 L - a scroll of fog
 O - 3 scrolls of torment
 S - a scroll of summoning
 X - 3 scrolls of vulnerability
Potions
 e - 5 potions of heal wounds
 k - 5 potions of might
 n - 5 potions of flight
 p - 8 potions of mutation
 q - 3 potions of curing
 t - a potion of ambrosia
 u - 4 potions of haste
 y - 3 potions of cancellation
 z - a potion of brilliance
 B - 2 potions of resistance {unknown}
 C - a potion of degeneration {unknown}
 D - 4 potions of berserk rage {unknown}
 G - 4 potions of magic {unknown}
 J - 2 potions of attraction {unknown}
 W - 3 potions of lignification {unknown}
Miscellaneous
 Y - a tin of tremorstones (2/2)


   Skills:
 - Level 8.3 Fighting
 - Level 17.3 Long Blades
 - Level 0.8 Throwing
 - Level 5.2 Armour
 - Level 5.4 Dodging
 - Level 10.8 Spellcasting
 - Level 10.2 Translocations
 + Level 3.4 Invocations
 - Level 2.2 Evocations


You had 18 spell levels left.
You knew the following spells:

 Your Spells              Type           Power      Damage    Failure   Level
a - Blink                 Tloc           100%       N/A       1%          2
b - Vhi's Electric Charg  Tloc/Air       86%        N/A       3%          3
c - Manifold Assault      Tloc           64%        N/A       1%          4
d - Wereblood             Tmut           15%        N/A       12%         2
e - Gell's Gravitas       Tloc           64%        N/A       1%          3
f - Swiftness             Air            15%        N/A       24%         3

Your spell library contained the following spells:

 Spells                   Type           Power      Damage    Failure   Level
 Lesser Beckoning         Tloc           100%       N/A       1%          2
 Momentum Strike          Conj/Tloc      86%        3d10      1%          2
 Teleport Other           Tloc           64%        N/A       1%          3
 Sandblast                Erth           30%        2d9       9%          1
 Shock                    Conj/Air       60%        1d6       9%          1
 Cigotuvi's Dreadful Rot  Necr/Pois/Air  30%        N/A       12%         2
 Passwall                 Tmut/Erth      12%        N/A       12%         2
 Poisonous Vapours        Pois/Air       30%        N/A       12%         2
 Sublimation of Blood     Necr           15%        N/A       12%         2
 Frozen Ramparts          Ice            30%        1d5       24%         3
 Mephitic Cloud           Conj/Pois/Air  15%        N/A       24%         3
 Stone Arrow              Conj/Erth      30%        3d8       24%         3
 Summon Forest            Summ/Tloc      21%        N/A       28%         5
 Airstrike                Air            7%         2d(2-18)  63%         4
 Animate Armour           Summ/Erth      30%        N/A       63%         4
 Ice Form                 Ice/Tmut       15%        N/A       63%         4
 Summon Ice Beast         Ice/Summ       15%        N/A       63%         4
 Summon Lightning Spire   Summ/Air       15%        N/A       63%         4
 Blade Hands              Tmut           7%         N/A       92%         5
 Lightning Bolt           Conj/Air       7%         1d20      92%         5
 Summon Mana Viper        Hex/Summ       15%        N/A       92%         5
 Iron Shot                Conj/Erth      7%         9d2       100%        6
 Summon Cactus Giant      Summ           7%         N/A       100%        6
 Storm Form               Tmut/Air       7%         N/A       100%        7
 Summon Hydra             Summ           7%         N/A       100%        7
 Maxwell's Capacitive Co  Air            7%         ∞         100%        8


Dungeon Overview and Level Annotations

Branches:
Dungeon (9/15)             Temple (0/1) D:4            Lair (5/5) D:9
 Shoals (0/4) Lair:2        Snake (2/4) Lair:3        Slime (1/5) Lair:5
Volcano (visited)
    Orc: D:9-12

Altars:
Ashenzari
Elyvilon
Fedhas
Gozag
Kikubaaqudgha
Nemelex Xobeh
Sif Muna
Trog
Uskayaw
Vehumet
Xom
Yredelemnul

Shops:
D:6 [((?!

Annotations:
D:6 1 runed translucent door
Lair:2 exclusion: 2 oklob plants
Snake:2 Vashnia


Innate Abilities, Weirdness & Mutations

You have razor-sharp teeth.
Your natural rate of healing is unusually fast.
When hurt, damage is shared between your health and your magic reserves.
Your bite disrupts and absorbs the magic of your enemies.
Potions cannot restore your health.


Message History

As you close the door, it creaks loudly!
You feel sick.
The naga sharpshooter shoots a bolt.
The bolt closely misses you.
You hit the naga sharpshooter.
Space warps around the naga sharpshooter!
You kill the naga sharpshooter!
You feel sick.
You are no longer poisoned.
You start resting.
Something unseen breaks down the door.
It's broken and can't be closed.
You hit Vashnia but do no damage. Your bite misses Vashnia.
Vashnia shoots a bolt.
The bolt hits you!!
* * * LOW HITPOINT WARNING * * *
You closely miss Vashnia. Your bite misses Vashnia.
Vashnia spits poison at you. The splash of poison misses you.
You completely miss Vashnia.
Vashnia shoots a bolt.
The bolt hits you!!
* * * LOW HITPOINT WARNING * * *
Okay, then.
Okay, then.
As you read the scroll of summoning, it crumbles to dust.
Wisps of shadow whirl around you...
Vashnia casts a spell.
Vashnia magically shoots a bolt.
The bolt misses you.
Okay, then.
Aiming: Corrosive Bolt
Press: ? - help, Shift-Dir - straight line, f - Vashnia
Aim: Vashnia, wielding a +0 arbalest and wearing a +0 barding of fire resistance (catching her breath, ally target, 46% to hit)
The bolt of acid misses Vashnia.
Vashnia casts a spell.
Vashnia magically shoots a bolt.
The bolt hits you.
* * * LOW HITPOINT WARNING * * *
Your naga sharpshooter spits poison at Vashnia.
The splash of poison misses Vashnia.
You barely miss Vashnia. You slash Vashnia!
Vashnia is lightly wounded.
Vashnia shoots a bolt.
The bolt hits you!
You die...

#[....§...#
#..).÷....# .#
##..).....# #.#
##.......####.#
##<.....+....+
##....###.#.#
##).## #.#.#
##N#####.#.#
#NN@.......#
#.S#######.# #..##
####.#
#...###....'..N...
#.).)...##.#N.§§).
###)###.##.#......
#.# #....# .....
#.# ####.# ####'##
#.# #.# ##....


You could see Vashnia (catching breath, ally target), a friendly naga
sharpshooter (summoned, catching breath), a friendly anaconda (summoned) and a
friendly naga (summoned).

Vanquished Creatures
  2 azure jellies (Slime:1)
  Nessos (Lair:3)
  The ghost of emiel the Thaumaturge, a journeyman GnEE of Ru (Lair:5)
  A great orb of eyes (Slime:1)
  3 hydras
  A salamander tyrant (Snake:2)
  A catoblepas (Lair:5)
  An anaconda (Snake:2)
  6 death yaks
  A naga warrior (Snake:1)
  2 shock serpents (Snake:1)
  3 naga sharpshooters (Snake:2)
  A skyshark (Lair:5)
  A naga ritualist (Snake:1)
  4 lindwurms (Lair:2)
  A moth of wrath (Lair:5)
  4 salamanders
  2 manticores
  A guardian serpent (Snake:1)
  12 black mambas
  A torpor snail (Lair:1)
  13 elephants
  3 naga magi
  A gargoyle (Volcano)
  9 cane toads
  Psyche (D:8)
  4 rime drakes
  6 komodo dragons
  6 polar bears
  8 hornets
  A wind drake (Lair:2)
  8 blink frogs
  Prince Ribbit (D:7)
  11 dream sheep
  5 wyverns
  32 yaks
  14 spriggans (Lair:5)
  A steam dragon (D:7)
  2 basilisks (Lair:5)
  2 fire elementals (Volcano)
  Menkaure (D:7)
  21 nagas
  Duvessa (D:5)
  11 water moccasins
  6 orc warriors
  4 black bears
  An ice beast (D:5)
  3 boggarts (Lair:5)
  23 wolves (Lair:5)
  A phantom (D:3)
  2 kobold brigands
  7 bullfrogs
  3 gnoll sergeants
  4 scorpions
  2 necrophages
  4 wights (D:6)
  Dowan (D:5)
  9 killer bees
  3 electric eels (Lair:5)
  3 howler monkeys
  2 hounds (D:3)
  6 jellies
  Crazy Yiuf (D:7)
  4 orc priests
  4 gnoll boudas
  13 orc wizards
  2 iguanas
  34 gnolls
  5 adders
  A shadow imp (D:8)
  2 white imps (D:7)
  3 ufetubi
  A worm (D:2)
  3 dart slugs (D:1)
  40 orcs
  3 bats
  4 endoplasms
  3 giant cockroaches
  6 goblins
  7 hobgoblins
  15 jackals
  17 kobolds
  4 quokkas
  2 ball pythons
  A frilled lizard (D:1)
  4 rats
475 creatures vanquished.

Vanquished Creatures (collateral kills)
  2 killer bees (D:7)
2 creatures vanquished.

Vanquished Creatures (others)
  26 fungi
  85 plants
111 creatures vanquished.

Grand Total: 588 creatures vanquished

Notes
Turn   | Place    | Note
-------+----------+-------------------------------------------
     0 | D:1      | Leeroy the Vine Stalker Warper began the quest for the Orb.
     0 | D:1      | Reached XP level 1. HP: 11/11 MP: 4/4
   133 | D:1      | Reached skill level 2 in Long Blades
   253 | D:1      | Reached XP level 2. HP: 15/15 MP: 6/6
   723 | D:1      | Reached skill level 3 in Long Blades
  1011 | D:2      | Found a shimmering altar of Xom.
  1066 | D:2      | Reached XP level 3. HP: 16/18 MP: 7/7
  1113 | D:2      | Identified the amulet "Caoguarphix" {Faith Regen+ MP+9
                  | Str-3 SInv}
  1449 | D:2      | Found a faded altar of an unknown god.
  2193 | D:3      | Gained mutation: Your natural rate of healing is unusually
                  | fast. [Vine Stalker growth]
  2193 | D:3      | Reached XP level 4. HP: 23/23 MP: 8/8
  2201 | D:3      | Reached skill level 4 in Long Blades
  2273 | D:3      | Found a blossoming altar of Fedhas.
  2434 | D:3      | Reached XP level 5. HP: 26/26 MP: 9/9
  2451 | D:3      | Reached skill level 5 in Long Blades
  2592 | D:3      | Found a hide-covered altar of Uskayaw.
  2603 | D:3      | Found a broken altar of Ashenzari.
  2609 | D:3      | Became a worshipper of Uskayaw the Reveller
  2672 | D:3      | Reached * piety under Uskayaw
  2972 | D:4      | Found an ancient bone altar of Kikubaaqudgha.
  2986 | D:4      | Found a white marble altar of Elyvilon.
  3073 | D:4      | Reached ** piety under Uskayaw
  3077 | D:4      | Reached *** piety under Uskayaw
  3078 | D:4      | Reached XP level 6. HP: 12/30 MP: 10/10
  3155 | D:4      | Found a shimmering blue altar of Sif Muna.
  3164 | D:4      | Found a staircase to the Ecumenical Temple.
  3347 | D:3      | Learned a level 2 spell: Blink
  3670 | D:2      | Reached skill level 6 in Long Blades
  3687 | D:3      | Reached **** piety under Uskayaw
  4085 | D:3      | Reached XP level 7. HP: 34/34 MP: 11/11
  4164 | D:3      | Learned a level 3 spell: Vhi's Electric Charge
  4169 | D:3      | Reached skill level 7 in Long Blades
  4863 | D:4      | Learned a level 4 spell: Manifold Assault
  5138 | D:5      | Entered Level 5 of the Dungeon
  5138 | D:5      | Noticed Dowan
  5270 | D:4      | Gained mutation: You have razor-sharp teeth. [Vine Stalker
                  | growth]
  5270 | D:4      | Reached XP level 8. HP: 29/40 MP: 12/12
  5312 | D:5      | Reached skill level 8 in Long Blades
  5561 | D:5      | Noticed Duvessa
  5616 | D:6      | Found Harhaess's Weapon Boutique.
  5636 | D:6      | Bought 5 curare-tipped darts for 72 gold pieces
  5636 | D:6      | Bought a +2 falchion of holy wrath for 208 gold pieces
  5664 | D:6      | Found Uxagaq's Antique Armour Shoppe.
  5711 | D:6      | Reached ***** piety under Uskayaw
  5729 | D:6      | Learned a level 2 spell: Wereblood
  5784 | D:6      | Found a shimmering altar of Xom.
  5874 | D:6      | Found Yfyzig's Magic Scroll Emporium.
  5886 | D:6      | Bought a scroll of identify for 24 gold pieces
  5886 | D:6      | Bought a scroll of identify for 24 gold pieces
  5886 | D:6      | Identified a scroll of acquirement
  5888 | D:6      | Acquired a +3 great sword of distortion
  5963 | D:6      | Found a runed translucent door.
  5967 | D:6      | Found a basalt altar of Yredelemnul.
  5975 | D:6      | Identified the +5 plate armour of Least Resistance {+Inv}
  6055 | D:6      | Acquired 771 gold pieces
  6105 | D:6      | Found Rauxtyecw's Antique Weapon Boutique.
  6166 | D:6      | Found Cummupp's Distillery.
  6175 | D:6      | Bought 2 potions of curing for 84 gold pieces
  6175 | D:6      | Bought a potion of mutation for 112 gold pieces
  6175 | D:6      | Bought a potion of mutation for 112 gold pieces
  6175 | D:6      | Bought a potion of mutation for 112 gold pieces
  6187 | D:6      | Found a bloodstained altar of Trog.
  6299 | D:7      | Noticed Prince Ribbit
  6308 | D:7      | Killed Prince Ribbit
  6502 | D:7      | Noticed Menkaure
  6506 | D:7      | Killed Menkaure
  6507 | D:7      | Reached XP level 9. HP: 42/44 MP: 16/16
  6660 | D:7      | Noticed a hornet
  6666 | D:7      | Killed a hornet
  6667 | D:7      | Reached skill level 5 in Dodging
  6725 | D:7      | Found a radiant altar of Vehumet.
  6894 | D:7      | Reached skill level 9 in Long Blades
  7133 | D:7      | Found a sparkling altar of Nemelex Xobeh.
  7133 | D:7      | Found an opulent altar of Gozag.
  7406 | D:7      | Found a runed translucent door.
  7407 | D:7      | Noticed Crazy Yiuf
  7503 | D:7      | Killed Crazy Yiuf
  7536 | D:8      | Noticed a hornet
  7543 | D:8      | Paralysed by a hornet for 1 turns
  7546 | D:8      | Killed a hornet
  7701 | D:8      | Reached skill level 10 in Long Blades
  7701 | D:8      | Noticed Psyche
  7718 | D:8      | Reached ****** piety under Uskayaw
  7724 | D:8      | Killed Psyche
  7725 | D:8      | Reached XP level 10. HP: 30/49 MP: 12/17
  7767 | D:8      | Learned a level 3 spell: Gell's Gravitas
  7872 | D:8      | Reached skill level 11 in Long Blades
  7994 | D:5      | Killed Duvessa
  7999 | D:5      | Killed Dowan
  8689 | D:9      | Reached skill level 12 in Long Blades
  9110 | D:9      | Reached skill level 13 in Long Blades
  9125 | D:9      | Reached XP level 11. HP: 52/52 MP: 18/18
  9610 | D:9      | Found a staircase to the Lair.
  9756 | Lair:1   | Entered Level 1 of the Lair of Beasts
  9825 | Lair:1   | Reached skill level 14 in Long Blades
  9914 | Lair:1   | Found a runed translucent door.
 10314 | Lair:1   | Identified the +2 helmet of Tibath {Fly rElec rN++ Int+3}
 10481 | Lair:1   | Learned a level 3 spell: Swiftness
 10790 | Lair:1   | Noticed a minotaur
 10877 | Lair:2   | Found a dark tunnel.
 10952 | Volcano  | Entered a volcano
 10983 | Volcano  | Reached skill level 15 in Long Blades
 11040 | Volcano  | Reached skill level 1 in Armour
 11415 | Lair:2   | Noticed a lindwurm
 11415 | Lair:2   | Noticed a lindwurm
 11416 | Lair:2   | Noticed a lindwurm
 11417 | Lair:2   | Noticed a lindwurm
 11420 | Lair:2   | Killed a lindwurm
 11423 | Lair:2   | Killed a lindwurm
 11424 | Lair:2   | Reached XP level 12. HP: 24/56 MP: 8/19
 11430 | Lair:2   | Reached skill level 5 in Armour
 11494 | Lair:2   | Found a staircase to the Shoals.
 11523 | Lair:2   | Reached skill level 5 in Spellcasting
 11944 | Lair:2   | Found a blossoming altar of Fedhas.
 12262 | Lair:3   | Noticed Nessos
 12453 | Lair:3   | Noticed a death yak
 12453 | Lair:3   | Noticed a death yak
 12454 | Lair:3   | Noticed a death yak
 12455 | Lair:3   | Noticed a death yak
 12456 | Lair:3   | Noticed a death yak
 12456 | Lair:3   | Noticed a death yak
 12484 | Lair:3   | Banished a death yak
 12489 | Lair:3   | Killed a death yak
 12494 | Lair:3   | Banished a death yak
 12496 | Lair:3   | Killed a death yak
 12501 | Lair:3   | Killed a death yak
 12505 | Lair:3   | Banished a death yak
 12828 | Lair:3   | Reached skill level 10 in Spellcasting
 12899 | Lair:3   | Found a staircase to the Snake Pit.
 13012 | Lair:3   | Reached XP level 13. HP: 60/60 MP: 28/28
 13128 | Lair:3   | Reached skill level 5 in Fighting
 14233 | Lair:5   | Entered Level 5 of the Lair of Beasts
 14255 | Lair:4   | Reached skill level 5 in Translocations
 14845 | Lair:5   | Found a staircase to the Slime Pits.
 15365 | Lair:5   | Reached XP level 14. HP: 51/70 MP: 5/29
 15390 | Lair:5   | Paralysed by a hornet for 3 turns
 15468 | Lair:5   | Reached skill level 10 in Translocations
 16121 | Lair:5   | Reached skill level 1 in Evocations
 16201 | Lair:5   | Identified the +5 spear of Hemiurra {vamp, *Rage rElec rF+
                  | rC+ Str-2 Dex+3}
 16283 | Lair:5   | Noticed emiel's ghost (journeyman GnEE)
 16294 | Lair:5   | Found a transporter.
 16516 | Lair:5   | Found a transporter.
 16721 | Lair:5   | Killed emiel's ghost
 16847 | Slime:1  | Entered Level 1 of the Pits of Slime
 16847 | Slime:1  | Noticed an azure jelly
 16853 | Slime:1  | Killed an azure jelly
 16854 | Slime:1  | Reached skill level 16 in Long Blades
 17220 | Slime:1  | Noticed an azure jelly
 17221 | Slime:1  | Noticed a quicksilver ooze
 17224 | Slime:1  | Noticed a quicksilver ooze
 17225 | Slime:1  | Noticed an acid blob
 17226 | Slime:1  | Noticed a rockslime
 17226 | Slime:1  | Killed an azure jelly
 17227 | Slime:1  | Banished an acid blob
 17230 | Slime:1  | Noticed an acid blob
 17232 | Slime:1  | Noticed an acid blob
 17450 | Lair:3   | Killed Nessos
 17988 | Snake:1  | Entered Level 1 of the Snake Pit
 18389 | Snake:1  | Reached skill level 17 in Long Blades
 18942 | Snake:1  | Reached XP level 15. HP: 74/74 MP: 30/30
 20150 | Snake:2  | Noticed Vashnia
 20424 | Snake:2  | Identified the +0 kite shield "Suetannajeff" {rF+ Will++
                  | Slay+3 Stlth-}
 20427 | Snake:2  | Reached skill level 1 in Invocations
 20535 | Snake:2  | Shot with a bolt by Vashnia

Illustrated notes

Levels and vault maps discovered:
D:1:      psy_arrival_fountain, layout_basic
D:2:      layout_loops_corners, basic_ecumenical_altar, basic_altar
D:3:      lemuel_castle_with_subvaults [lemuel_castle_interior_original],
          layout_loops_ring, mainiacjoe_overflow_catch_the_wave,
          lemuel_round_altar
D:4:      layout_basic, lemuel_crystal_altar,
          mainiacjoe_overflow_catwalk_spiral, temple_pool_b
D:5:      layout_loops_cross, uniq_duvessa
D:6:      layout_basic, dk_yredelemnul_ordeal,
          mainiacjoe_overflow_six_doors_small, lemuel_coloured_pillars_altar,
          serial_shops, kennysheep_little_box, nicolae_shop_window_shopping,
          nicolae_shop_bloodbath_and_beyond, nicolae_diamond_shop,
          nicolae_lakefront_shop
D:7:      layout_basic, grunt_temple_overflow_opulence,
          nicolae_vehumet_radiance, uniq_prince_ribbit1, uniq_menkaure,
          uniq_crazy_yiuf_cottage
D:8:      layout_rooms, uniq_psyche
D:9:      layout_stronghold, grunt_lair_entry_orc_guard_hut
Lair:1:   dreamdust_labyrinth, layout_loops_ring, minivault_27,
          grunt_megastairs_5, infiniplex_staircase_pool_2
Lair:2:   layout_gridlike, minmay_shoals_entry_beasts,
          nicolae_volcano_entry_lava_flow, hangedman_tree_tricks,
          minmay_lindwurm_lava, grunt_megastairs_2
Lair:3:   layout_chaotic_city, minmay_snake_entry_guardpost_small,
          grunt_megastairs_1, uniq_nessos
Lair:4:   layout_cave_pods
Lair:5:   minmay_lair_end_enchanted_forest, layout_gridlike,
          nicolae_slime_entry_field_trip, gammafunk_ghost_berserking_beasts,
          pdpol_lair_cavern_descent, lemuel_fruit_tree, serial_bayou_shore_a
Snake:1:  layout_layer_cave
Snake:2:  layout_gridlike, grunt_megastairs_4, serial_bayou_shore_b,
          serial_bayou_shore_b, uniq_vashnia
Slime:1:  layout_caves, special_room [special_room_jelly],
          cheibrodos_slime_lost_civilization_4

Skill      XL: |  1  2  3  4  5  6  7  8  9 10 11 12 13 14 15 |
---------------+----------------------------------------------+-----
Long Blades    | 2 3 4 5 6 7 8 10 13 15 17 | 17.3
Fighting       | 3 6 8 |  8.3
Spellcasting   | 4 10 | 10.8
Dodging        | 3 5 |  5.4
Armour         | 4 5 |  5.2
Translocations | 9 10 | 10.2
Evocations     | 2 |  2.2
Invocations    | 3 |  3.4
Throwing       | |  0.8

Action                     |  1- 3 |  4- 6 |  7- 9 | 10-12 | 13-15 || total
---------------------------+-------+-------+-------+-------+-------++-------
  Melee: Falchion          |    92 |   240 |   122 |       |       ||   454
         Bite              |    18 |    62 |    80 |   114 |   125 ||   399
         Punch             |     1 |     4 |     3 |       |       ||     8
         Great sword       |       |       |   199 |   345 |   590 ||  1134
         Short sword       |       |       |       |       |    26 ||    26
  Throw: Dart              |       |     6 |       |       |     2 ||     8
         Boomerang         |       |     2 |       |       |       ||     2
   Cast: Blink             |       |     2 |     1 |       |     2 ||     5
         Vhi's Electric Ch |       |       |       |     2 |     5 ||     7
         Manifold Assault  |       |       |       |       |   142 ||   142
         Gell's Gravitas   |       |       |       |       |     1 ||     1
  Evoke: Wand              |       |       |       |     3 |    16 ||    19
    Use: Scroll            |       |     2 |    12 |     7 |    12 ||    33
         Potion            |       |       |     1 |     2 |     1 ||     4
   Stab: Sleeping          |     1 |       |     1 |     1 |       ||     3
         Paralysed         |       |     1 |    16 |    23 |    21 ||    61
         Petrified         |       |       |       |       |     4 ||     4
         Distracted        |       |       |       |       |     2 ||     2
 Armour: Leather armour    |    36 |   100 |   123 |    97 |       ||   356
         Ring mail         |       |       |       |    52 |   219 ||   271
  Dodge: Dodged            |    63 |   172 |   262 |   261 |   276 ||  1034

Table legend: (Time is in decaauts)
 A = Elapsed time spent in this place.
 B = Non-inter-level travel time spent in this place.
 C = Inter-level travel time spent in this place.
 D = Time resting spent in this place.
 E = Time spent auto-exploring this place.
 F = Levels seen in this place.
 G = Mean time per level.
                   A        B        C        D        E       F      G
               +--------+--------+--------+--------+--------+-----+--------+
         Total |  20597 |  19398 |   1199 |   2223 |  13348 |  18 | 1144.3 |
       Dungeon |   9859 |   9301 |    558 |    550 |   6742 |   9 | 1095.4 |
          Lair |   7601 |   7154 |    447 |    851 |   4885 |   5 | 1520.2 |
     Snake Pit |   2508 |   2314 |    194 |    519 |   1537 |   2 | 1254.0 |
    Slime Pits |    391 |    391 |      0 |    302 |     56 |   1 |  391.0 |
       Volcano |    236 |    236 |      0 |      0 |    127 |   1 |  236.0 |
               +--------+--------+--------+--------+--------+-----+--------+

Top non-repeatable levels by time:
  Lair:5: 2186 daAuts
 Snake:1: 2172 daAuts
     D:3: 2108 daAuts
  Lair:4: 1593 daAuts
  Lair:3: 1488 daAuts
     D:7: 1353 daAuts
     D:2: 1249 daAuts
  Lair:2: 1217 daAuts
  Lair:1: 1115 daAuts
     D:9: 1103 daAuts
     D:1: 997 daAuts
     D:4: 971 daAuts
     D:6: 739 daAuts
     D:5: 707 daAuts
     D:8: 629 daAuts
